 Dungeon Crawl Stone Soup version 0.30.0-29-ga12c61a403 (webtiles) character file.

Game seed: 7282279348417482464

8124 seaoflcl the Cleaver (level 11, -2/95 HPs)
             Began as a Minotaur Fighter on June 16, 2023.
             Was an Initiate of Gozag.
             Slain by an orc knight
             ... wielding a +0 halberd
              (19 damage)
             ... in a bailey.
             The game lasted 00:12:32 (10164 turns).

seaoflcl the Cleaver (Minotaur Fighter)            Turns: 10164, Time: 00:12:33

Health: -2/95      AC: 13    Str: 26    XL:     11   Next: 5%
Magic:  10/10      EV:  9    Int:  5    God:    Gozag
Gold:   165        SH: 15    Dex:  9    Spells: 10/10 levels left

rFire   . . .        a - +0 war axe
rCold   + . .        T - +0 kite shield
rNeg    . . .        A - quicksilver dragon scales
rPois   +            (helmet restricted)
rElec   .            S - scarf {+Inv}
rCorr   .            (no gloves)
SInv    .            s - +0 pair of boots
Will    +....        v - amulet of reflection Stlth
                     r - ring of protection from cold
HPRegen 0.35/turn    O - ring of poison resistance
MPRegen 0.12/turn

%: reflection
@: mighty, about to teleport
A: horns 2, retaliatory headbutt
a: Renounce Religion, Evoke Invisibility, Potion Petition, Call Merchant, Bribe
Branch


You were in a bailey.
You worshipped Gozag.
Gozag was aware of your devotion.
You visited 2 branches of the dungeon, and saw 11 of its levels.
You also visited: Bailey.

You collected 974 gold pieces.
You spent 668 gold pieces at shops.
You paid 141 gold pieces to Gozag.

Inventory:

Hand Weapons
 a - a +0 war axe (weapon)
 I - a +6 scimitar of freezing
 Q - a +3 trident
Missiles
 f - 6 atropa-tipped darts
 h - a curare-tipped dart
 m - 6 poisoned darts (quivered)
 n - 7 javelins
 R - a throwing net
Armour
 s - a +0 pair of boots (worn)
 A - quicksilver dragon scales (worn)
 B - a +0 plate armour
 S - a scarf of invisibility (worn)
 T - a +0 kite shield (worn)
Jewellery
 k - a ring of positive energy
 r - a ring of protection from cold (left hand)
 v - an amulet of reflection (around neck)
 C - a ring of fire
 O - a ring of poison resistance (right hand)
 U - a +6 ring of intelligence
Wands
 E - a wand of iceblast (8)
 J - a wand of mindburst (22)
 L - a wand of light (9)
 N - a wand of polymorph (10)
Scrolls
 b - 4 scrolls of teleportation
 e - 2 scrolls of amnesia
 g - a scroll of blinking
 i - 2 scrolls of poison
 j - 3 scrolls of fog
 l - 2 scrolls of magic mapping
 t - 2 scrolls of torment
 u - 3 scrolls of immolation {unknown}
 w - 5 scrolls of enchant armour {unknown}
 y - a scroll of enchant weapon {unknown}
 G - a scroll of vulnerability
 K - a scroll of fear {unknown}
 P - a scroll of noise {unknown}
Potions
 c - 3 potions of heal wounds
 o - 2 potions of lignification
 p - 3 potions of haste {unknown}
 q - 2 potions of attraction {unknown}
 x - 11 potions of curing
 z - a potion of resistance {unknown}
 D - a potion of magic
 F - 2 potions of mutation {unknown}
 M - 2 potions of brilliance {unknown}


   Skills:
 + Level 8.7 Fighting
 + Level 5.4 Long Blades
 * Level 11.3(11.4) Axes
 + Level 2.9(7.8) Polearms
 + Level 5.9 Throwing
 + Level 8.5 Armour
 + Level 8.6 Shields
 + Level 3.4 Evocations


You had 10 spell levels left.
You didn't know any spells.
Your spell library contained the following spells:

 Spells                   Type           Power      Damage    Failure   Level
 Magic Dart               Conj           0%         1d3       78%         1
 Slow                     Hex            0%         N/A       78%         1
 Cigotuvi's Dreadful Rot  Necr/Pois/Air  0%         N/A       89%         2
 Scorch                   Fire           0%         2d5       89%         2
 Searing Ray              Conj           0%         2d4       89%         2
 Confusing Touch          Hex            0%         N/A       98%         3
 Ignite Poison            Fire/Tmut/Pois 0%         N/A       98%         3
 Inner Flame              Hex/Fire       0%         N/A       98%         3
 Vampiric Draining        Necr           0%         2d6       98%         3
 Flame Wave               Conj/Fire      0%         2d4       100%        4
 Fulminant Prism          Conj/Hex       0%         3d5       100%        4
 Sticky Flame             Conj/Fire      0%         2d3       100%        4
 Freezing Cloud           Conj/Ice/Air   0%         6-21      100%        5
 Yara's Violent Unravell  Hex/Tmut       0%         3d3       100%        5
 Summon Cactus Giant      Summ           0%         N/A       100%        6
 Enfeeble                 Hex            0%         N/A       100%        7
 Ignition                 Fire           0%         3d3       100%        8


Dungeon Overview and Level Annotations

Branches:
Dungeon (10/15)            Temple (1/1) D:6            Lair (0/5) D:10
 Bailey (1/1)
    Orc: D:9-12

Altars:
Ashenzari
Cheibriados
Dithmenos
Elyvilon
Fedhas
Gozag
Hepliaklqana
Kikubaaqudgha
Makhleb
Nemelex Xobeh
Okawaru
Qazlal
Ru
Sif Muna
Trog
Vehumet
Wu Jian
Yredelemnul
Zin
The Shining One

Shops:
D:1 *   D:4 !   D:6 *   D:10 !

Annotations:
D:5 3 runed translucent doors, seaoflcl's ghost, novice MiFi


Innate Abilities, Weirdness & Mutations

You have a pair of horns on your head.
You reflexively headbutt those who attack you in melee.


Message History

You open the door.
An orc warrior and 2 orc knights come into view.
The orc warrior shouts!
The orc knight shouts!
You block the orc knight's attack.
Found an iron ring and a potion of experience.
The orc knight roars a battlecry!
The orcs go into a battle-frenzy!
There is an open gate here.
You feel very mighty all of a sudden. You block the orc knight's attack.
The orc knight roars a battlecry!
The orc knight goes into a battle-frenzy!
You block the orc warrior's attack.
The orc knight hits you from afar with a +0 halberd!
You block the orc knight's attack.
You closely miss the orc knight. You block the orc warrior's attack.
The orc knight hits you from afar with a +0 halberd!!
You block the orc knight's attack.
You hit the orc knight. Your headbutt misses the orc knight.
The orc knight is lightly wounded.
The orc warrior completely misses you. You block the orc knight's attack.
The orc knight hits you with a +0 halberd!!
* * * LOW HITPOINT WARNING * * *
The orc knight attacks as you move away!
The orc knight hits you with a +0 halberd.
* * * LOW HITPOINT WARNING * * *
You barely miss the orc knight.
The orc knight is lightly wounded.
The orc knight hits you with a +0 halberd.
* * * LOW HITPOINT WARNING * * *
As you read the scroll of teleportation, it crumbles to dust.
You feel strangely unstable.
The orc warrior hits you from afar with a +0 glaive!
* * * LOW HITPOINT WARNING * * *
You block the orc knight's attack.
The orc knight attacks as you move away!
You block the orc knight's attack.
The orc knight hits you from afar with a +0 halberd!!
You die...
Your body crumbles into a pile of gold.

.......##.......##..............#
......##..#'#'#..##.............#
......#..##)#)##..#.............#
.....##.#########.##............#
.....##.')#!.=#)'.##............#
.....##.###.8.###.##............#
.....##.'.#...#)'.##............#
.....##.####'####.##............#
.....##..##∩oo##@.#.............#
.........##'''#..##....)........#
.........##..oo.##.....)).......#
≈.≈≈≈....##...o##...≈≈≈.≈≈......#
#.##≈....#######....≈##.#≈≈.....#
#.∩#≈...............≈#∩.##≈.....#
..)......................#≈.....
#.##≈...............≈##.##≈.....
###≈≈...............≈≈### ≈.....


You could see 2 orc knights and an orc warrior (strong).

Vanquished Creatures
  2 two-headed ogres
  Urug (D:10)
  An ugly thing (D:9)
  2 trolls (D:9)
  Grinder (D:5)
  A shadow (D:9)
  A wyvern (D:8)
  7 yaks
  2 vampire mosquitoes (D:9)
  A steam dragon (D:9)
  A water moccasin (D:7)
  13 orc warriors
  A sky beast (D:7)
  2 ogres
  A kobold brigand (D:6)
  3 bullfrogs
  A scorpion (D:5)
  13 wights
  6 killer bees (D:9)
  7 hounds
  A jelly (D:6)
  3 orc priests
  A gnoll bouda (D:9)
  8 orc wizards
  An iguana (D:7)
  14 gnolls
  7 adders
  A worm (D:4)
  A dart slug (D:2)
  25 orcs
  8 ball pythons
  4 bats
  9 endoplasms
  4 giant cockroaches
  6 goblins
  7 hobgoblins
  7 jackals (D:1)
  5 quokkas
  6 frilled lizards
  14 kobolds
  7 rats
206 creatures vanquished.

Notes
Turn   | Place    | Note
-------+----------+-------------------------------------------
     0 | D:1      | seaoflcl the Minotaur Fighter began the quest for the Orb.
     0 | D:1      | Reached XP level 1. HP: 19/19 MP: 0/0
   126 | D:1      | Reached XP level 2. HP: 25/27 MP: 1/1
   201 | D:1      | Reached skill level 3 in Axes
   445 | D:1      | Found Guaki's Assorted Antiques.
   532 | D:1      | Reached XP level 3. HP: 29/33 MP: 2/2
   690 | D:1      | Found a faded altar of an unknown god.
  1397 | D:2      | Reached XP level 4. HP: 40/40 MP: 3/3
  1669 | D:3      | Reached skill level 4 in Axes
  2250 | D:3      | Reached skill level 1 in Throwing
  2557 | D:4      | Reached XP level 5. HP: 47/47 MP: 4/4
  2588 | D:4      | Found Jyhemy's Distillery.
  3306 | D:5      | Entered Level 5 of the Dungeon
  3329 | D:5      | Reached skill level 5 in Axes
  3329 | D:5      | Reached XP level 6. HP: 42/53 MP: 5/5
  3511 | D:5      | Found a runed translucent gate.
  3511 | D:5      | Found a runed translucent gate.
  3511 | D:5      | Found a runed translucent gate.
  3512 | D:5      | Noticed seaoflcl's ghost (novice MiFi)
  3568 | D:5      | Noticed Grinder
  3581 | D:5      | Paralysed by Grinder for 5 turns
  3588 | D:5      | Killed Grinder
  3589 | D:5      | Reached skill level 5 in Fighting
  3589 | D:5      | Reached skill level 6 in Axes
  3589 | D:5      | Reached skill level 5 in Armour
  3589 | D:5      | Reached skill level 5 in Shields
  3589 | D:5      | Reached XP level 7. HP: 59/61 MP: 6/6
  3727 | D:5      | Identified the +6 ring mail "Etsaqa" {Rampage rCorr Int+3
                  | Stlth+}
  4161 | D:6      | Found a staircase to the Ecumenical Temple.
  4211 | Temple   | Entered the Ecumenical Temple
  4346 | D:6      | Found Jimud's General Store.
  4354 | D:6      | Bought a scroll of identify for 28 gold pieces
  5300 | D:7      | Reached skill level 7 in Axes
  5300 | D:7      | Reached XP level 8. HP: 70/70 MP: 7/7
  5521 | D:7      | Reached skill level 8 in Axes
  5761 | D:7      | Reached skill level 1 in Long Blades
  5778 | D:7      | Reached XP level 9. HP: 22/78 MP: 8/8
  6253 | D:7      | Reached skill level 9 in Axes
  6433 | D:8      | Found an ornate altar of the Wu Jian Council.
  6433 | D:8      | Found an ancient bone altar of Kikubaaqudgha.
  6658 | D:8      | Found an opulent altar of Gozag.
  6716 | D:8      | Became a worshipper of Gozag Ym Sagoz the Greedy
  6755 | D:8      | Noticed a two-headed ogre
  6778 | D:8      | Killed a two-headed ogre
  6779 | D:8      | Reached skill level 1 in Evocations
  7078 | D:8      | Reached skill level 5 in Throwing
  7262 | D:8      | Found a shimmering blue altar of Sif Muna.
  7423 | D:9      | Noticed a red ugly thing
  7429 | D:9      | Reached skill level 10 in Axes
  7432 | D:9      | Reached XP level 10. HP: 62/88 MP: 9/9
  7439 | D:9      | Killed a red ugly thing
  8270 | D:9      | Noticed a two-headed ogre
  8284 | D:9      | Killed a two-headed ogre
  8285 | D:9      | Reached skill level 1 in Polearms
  9004 | D:9      | Found a stormy altar of Qazlal.
  9424 | D:1      | Bought a kite shield for 121 gold pieces
  9424 | D:1      | Bought a notched ruby ring for 135 gold pieces
  9590 | D:10     | Entered Level 10 of the Dungeon
  9609 | D:10     | Found Vuoc's Distillery.
  9612 | D:10     | Noticed Urug
  9635 | D:10     | Killed Urug
  9636 | D:10     | Reached skill level 5 in Long Blades
  9636 | D:10     | Reached skill level 11 in Axes
  9643 | D:10     | Bought a potion of heal wounds for 80 gold pieces
  9643 | D:10     | Bought a potion of heal wounds for 80 gold pieces
  9643 | D:10     | Bought a potion of heal wounds for 80 gold pieces
  9643 | D:10     | Bought a potion of curing for 48 gold pieces
  9643 | D:10     | Bought a potion of curing for 48 gold pieces
  9643 | D:10     | Bought a potion of curing for 48 gold pieces
  9803 | D:10     | Found a staircase to the Lair.
  9825 | D:10     | Found a flagged portal.
  9834 | Bailey   | Entered a bailey
 10007 | Bailey   | Reached XP level 11. HP: 81/95 MP: 10/10
 10152 | Bailey   | Noticed an orc knight
 10152 | Bailey   | Noticed an orc knight
 10164 | Bailey   | Slain by an orc knight

Illustrated notes

Levels and vault maps discovered:
D:1:      roderic_dead_forest, layout_basic,
          hellmonk_ecumenical_altar_crossroads, serial_shops, shop
D:2:      layout_rooms, chequers_serial_rivers_large_a
D:3:      layout_loops_ring, guppyfry_early_orc_mine
D:4:      layout_basic, serial_shops, nicolae_shop_crystal
D:5:      layout_cave_pools, gammafunk_ghost_necromancy, nicolae_titane,
          uniq_grinder
D:6:      nicolae_cairo_tiling_large_dashed, layout_cave_pods,
          minmay_temple_entry_statues_fountains, serial_shops,
          nicolae_shop_advertising_works [nicolae_subvault_shop_adworks],
          minivault_25
D:7:      layout_loops_ring
D:8:      layout_basic, kennysheep_orc_sif_temple, grunt_gozag_breadcrumbs,
          gammafunk_temple_overflow_elements
D:9:      layout_loops_ring, lemuel_coloured_pillars_altar
D:10:     layout_layer_cave, doesnt_xom_only_xom, lemuel_crystal_altar,
          lair_entry_dummy, enter_bailey_2, serial_shops,
          nicolae_shop_industrial_runoff, uniq_maggie, uniq_urug
Temple:   eino_wide_crystal_templ
Bailey:   bailey_polearm_2, bailey

Skill      XL: |  1  2  3  4  5  6  7  8  9 10 |
---------------+-------------------------------+-----
Axes           | 3 4 5 6 7 8 10 11 | 11.3
Fighting       | 4 5 6 7 8 |  8.7
Armour         | 4 5 6 7 8 |  8.5
Shields        | 4 5 6 7 8 |  8.6
Throwing       | 1 2 3 4 5 |  5.9
Long Blades    | 1 3 5 |  5.4
Evocations     | 2 3 |  3.4
Polearms       | 2 |  2.9

Action                     |  1- 3 |  4- 6 |  7- 9 | 10-12 || total
---------------------------+-------+-------+-------+-------++-------
  Melee: War axe           |   113 |   107 |   207 |   200 ||   627
         Headbutt          |    10 |    14 |    49 |    33 ||   106
  Throw: Dart              |       |     4 |    10 |     2 ||    16
    Use: Scroll            |       |       |     6 |     7 ||    13
         Potion            |       |       |       |     6 ||     6
   Stab: Distracted        |       |       |       |     1 ||     1
 Armour: Scale mail        |    20 |       |       |       ||    20
         Chain mail        |    40 |    45 |       |       ||    85
         Quicksilver drago |       |     4 |    48 |    71 ||   123
  Dodge: Dodged            |    43 |    34 |    69 |    69 ||   215
  Block: Buckler           |    24 |    43 |   102 |    61 ||   230
         Reflection        |       |       |     2 |    17 ||    19
         Kite shield       |       |       |       |    81 ||    81
